 Dungeon Crawl Stone Soup version 0.25-a0-413-g3b4b6a4ccc (webtiles) character file.

Game seed: 65965661890212864, levelgen mode: deterministic

5 MrRokkomies the Ducker (level 1, -13/11 HPs)
             Began as a Spriggan Abyssal Knight on Jan 17, 2020.
             Was a Follower of Lugonu.
             Mangled by a tentacled starspawn (14 damage)
             ... on level 1 of the Abyss.
             The game lasted 00:00:37 (134 turns).

MrRokkomies the Ducker (Spriggan Abyssal Knight)     Turns: 134, Time: 00:00:38

Health: -13/11     AC:  2    Str:  8    XL:     1   Next: 66%
Magic:  3/3        EV: 19    Int: 13    God:    Lugonu [*.....]
Gold:   0          SH:  0    Dex: 15    Spells: 0/0 levels left

rFire    . . .     SeeInvis +   a - +1 short sword
rCold    . . .     Gourm    .   (shield restricted)
rNeg     . . .     Faith    .   b - +0 robe
rPois    .         Spirit   .   (helmet restricted)
rElec    .         Reflect  .   (no cloak)
rCorr    .         Harm     .   (gloves unavailable)
MR       .....     Clarity  +   (boots unavailable)
Stlth    +.........             (no amulet)
HPRegen  0.03/turn              (no ring)
MPRegen  0.08/turn              (no ring)

@: very slightly contaminated, very quick
A: very small, unfitting armour, see invisible, clarity, herbivore, speed 3,
slow metabolism 2, MP-powered wands
a: Depart the Abyss, Renounce Religion


You were on level 1 of the Abyss.
You worshipped Lugonu.
Lugonu was aware of your devotion.
You were not hungry.

You visited 0 branches of the dungeon, and saw 0 of its levels.
You visited the Abyss 1 time.

Inventory:

Hand Weapons
 a - a +1 short sword (weapon)
Armour
 b - a +0 robe (worn)
Comestibles
 c - a ration


   Skills:
 + Level 2.6 Fighting
 + Level 2.2 Short Blades
 + Level 3.7 Dodging
 + Level 1.8 Invocations


You couldn't memorise any spells.
You didn't know any spells.
Your spell library was empty.

Dungeon Overview and Level Annotations

Branches:
Dungeon (0/15)

Altars:


Innate Abilities, Weirdness & Mutations

You are very small and have problems with some larger weapons.
You are too small for most types of armour.
You have supernaturally acute eyesight. (SInv)
You are a herbivore.
You cover ground extremely quickly.
You need to consume almost no food.
You possess an exceptional clarity of mind.
You expend magic power (3 MP) to strengthen your wands.


Message History

Really quaff the potion of mutation?
You feel extremely strange.
You feel your magical essence link to the dungeon's wands.
Your thoughts seem clearer.
The starspawn tentacle grabs you. The starspawn tentacle constricts you.
You hit the starspawn tentacle but do no damage.
You hit the starspawn tentacle but do no damage.
* * * LOW HITPOINT WARNING * * *
The starspawn tentacle constricts you.
The starspawn tentacle loses its grip on you.
You barely miss the tentacled starspawn.
You completely miss the tentacled starspawn.
A tentacle flies out from the starspawn's body!
A starspawn tentacle comes into view.
Unknown command.
You hit the tentacled starspawn but do no damage.
The tentacled starspawn bites you but does no damage.
The tentacled starspawn engulfs you!
Ouch! That really hurt!
You die...

... ## # . #. .#.
. #.## ###.#.. #
### .. .# . # ##.
####. ..#.#. # .
## ###.#§# #..#
..# .#. ##. #
..#ww####.
..#.#.#. ... X.
.#X### .... . .
##.....#@# #.. .
. # #..
##.###.#.#
#....#..# .. # .
.####).. ... ## .
. #.# ..#...#
....#.### ..#
...#.. #..# . .#
### ...# . .#. .
#
...#.###....#....
. #.#...
#.#..#.... ## ..
§. .....#. ...


You could see a tentacled starspawn and 2 starspawn tentacles.

Vanquished Creatures
  An ufetubus (Abyss:1)
1 creature vanquished.

Vanquished Creatures (others)
  A starspawn tentacle (Abyss:1)
1 creature vanquished.

Grand Total: 2 creatures vanquished

Notes
Turn   | Place    | Note
-------+----------+-------------------------------------------
     0 | Abyss:1  | MrRokkomies the Spriggan Abyssal Knight began the quest for
                  | the Orb.
     0 | Abyss:1  | Reached XP level 1. HP: 11/11 MP: 3/3
    48 | Abyss:1  | Noticed a sixfirhy
   120 | Abyss:1  | Noticed a tentacled starspawn
   129 | Abyss:1  | Gained mutation: You expend magic power (3 MP) to
                  | strengthen your wands. [potion of mutation]
   129 | Abyss:1  | Gained mutation: You possess an exceptional clarity of
                  | mind. [potion of mutation]
   134 | Abyss:1  | Mangled by a tentacled starspawn

Levels and vault maps discovered:
Abyss:1:  evilmike_abyss_exit_12

Action                   || total
-------------------------++-------
Melee: Short sword       ||     8
  Use: Scroll            ||     2
       Potion            ||     1
Armor: Robe              ||     1
Dodge: Dodged            ||     6

Table legend:
 A = Non-vault XP
 B = Vault XP
 C = Vault XP percentage of total XP
 D = Non-vault monster count
 E = Vault monster count
 F = Vault count percentage of total count
                 A         B        C        D         E       F
            +---------+---------+-------+---------+---------+-------
      Total |       8 |       0 |   0.0 |       1 |       0 |   0.0
            +---------+---------+-------+---------+---------+-------
    Abyss:1 |       8 |       0 |   0.0 |       1 |       0 |   0.0
            +---------+---------+-------+---------+---------+-------
